 Dungeon Crawl Stone Soup version 0.29.1-13-g9f3cf754e1 (webtiles) character file.

Game seed: 7140751615389170555

350 zeram the Covered (level 6, -2/38 HPs)
             Began as a Gargoyle Fighter on Jan 23, 2023.
             Slain by an orc
             ... wielding a +2 flail of protection
              (11 damage)
             ... on level 4 of the Dungeon.
             The game lasted 00:06:51 (4888 turns).

zeram the Covered (Gargoyle Fighter)                Turns: 4888, Time: 00:06:51

Health: -2/38      AC: 15    Str: 21    XL:     6   Next: 60%
Magic:  0/6        EV:  9    Int:  9    God:
Gold:   233        SH:  5    Dex:  9    Spells: 5/5 levels left

rFire   . . .      SeeInvis .   v - +0 whip (holy)
rCold   + . .      Faith    .   c - +1 buckler
rNeg    + . .      Spirit   +   b - +0 scale mail
rPois   ∞          Reflect  .   j - +0 helmet
rElec   +          Harm     .   (no cloak)
rCorr   .          Rampage  .   o - +1 pair of gloves
Will    +....                   (no boots)
Stlth   ..........              f - amulet of guardian spirit
HPRegen 0.12/turn               t - ring of willpower
MPRegen 0.10/turn               u - ring of protection from cold

@: studying Armour
A: sickness immunity, AC +4, negative energy resistance 1, electricity
resistance, torment resistance 1, petrification resistance
a: no special abilities


You were on level 4 of the Dungeon.
You visited 1 branch of the dungeon, and saw 4 of its levels.

You collected 233 gold pieces.

Inventory:

Hand Weapons
 a - a +0 flail
 v - a +0 whip of holy wrath (weapon)
Armour
 b - a +0 scale mail (worn)
 c - a +1 buckler (worn)
 j - a +0 helmet (worn)
 o - a +1 pair of gloves (worn)
Jewellery
 f - an amulet of guardian spirit (around neck)
 m - a ring of ice
 t - a ring of willpower (left hand)
 u - a ring of protection from cold (right hand)
Wands
 i - a wand of acid (11)
Scrolls
 h - 2 scrolls of identify
 r - 2 scrolls of magic mapping
 s - a scroll of amnesia
Potions
 e - a potion of magic
 g - a potion of haste {unknown}
 k - 2 potions of heal wounds {unknown}
 l - a potion of mutation {unknown}
 n - a potion of invisibility
 p - 2 potions of degeneration {unknown}


   Skills:
 + Level 4.1 Fighting
 + Level 4.1 Maces & Flails
 + Level 5.2 Armour
 + Level 1.6 Dodging
 + Level 4.3 Shields


You had 5 spell levels left.
You didn't know any spells.
Your spell library contained the following spells:

 Spells                   Type           Power      Damage    Failure   Level
 Tukima's Dance           Hex            0%         N/A       99%         3
 Passage of Golubria      Tloc           0%         N/A       100%        4
 Yara's Violent Unravell  Hex/Tmut       0%         3d3       100%        5


Dungeon Overview and Level Annotations

Branches:
Dungeon (4/15)
 Temple: D:4-7

Altars:
Vehumet


Innate Abilities, Weirdness & Mutations

You are immune to sickness and miasma.
Your stone body is resilient. (AC +4)
You are immune to poison.
You resist negative energy. (rN+)
You are resistant to electric shocks. (rElec)
You are resistant to unholy torment.
You are immune to petrification.


Message History

The orc hits you with a +0 flail. The gnoll hits you but does no damage.
The gnoll barely misses you.
The gnoll shouts!
You hit the orc but do no damage.
The orc is moderately wounded.
The orc closely misses you. The gnoll hits you but does no damage.
The orc hits you but does no damage.
The gnoll hits you from afar with a +0 spear.
You hit the orc.
The orc is severely wounded.
You block the gnoll's attack. The orc hits you but does no damage.
The orc barely misses you.
The gnoll hits you from afar with a +0 spear.
You hit the orc.
You kill the orc!
The gnoll hits you but does no damage. The orc completely misses you.
The gnoll hits you from afar with a +0 spear.
You are too injured to fight recklessly!
You are too injured to fight recklessly!
You are too injured to fight recklessly!
You are too injured to fight recklessly!
You are too injured to fight recklessly!
You are too injured to fight recklessly!
You are too injured to fight recklessly!
You are too injured to fight recklessly!
You are too injured to fight recklessly!
Unknown command.
The orc attacks as you move away!
The orc hits you with a +2 flail of protection.
You hit the orc but do no damage. The orc barely misses you.
The gnoll hits you from afar with a +0 spear.
You hit the orc.
The orc is moderately wounded.
The orc hits you with a +2 flail of protection!
* * * LOW HITPOINT WARNING * * *
You block the gnoll's attack.
You barely miss the orc.
The orc is moderately wounded.
The orc hits you with a +2 flail of protection!
You die...

#################################
.................P.........†.....
.............................P...
~~~~†~≈≈~~≈~~~~~~~~~≈~≈~~~~~~~...
≈≈≈~≈~≈~~≈~≈≈≈≈≈≈≈≈≈≈≈~~≈≈≈≈≈~...
~~~~~≈~~~~~~~~≈~~≈≈≈≈≈~#####≈~...
.......................#oo.#≈~...
########################...#≈~...
........##......@ogoo..#+###≈~...
##'############'###g...# .≈≈~...
)#..............#.#.g..# .~≈~..P
.#..............#.##'### .~≈~...
)#....).........#.#..... .~~~...
.'..............'.#...... .~≈~...
########################.#.~≈≈...
......#....#... .#.~≈≈...
.)....'....'... .≈≈~...


You could see 2 gnolls and 3 orcs.

Vanquished Creatures
  A kobold brigand (D:4)
  A jelly (D:4)
  2 adders
  9 gnolls (D:4)
  3 worms
  A dart slug (D:3)
  25 orcs
  5 ball pythons
  6 bats
  6 endoplasms
  2 goblins
  4 hobgoblins
  24 jackals
  3 quokkas
  A frilled lizard (D:2)
  7 kobolds
  5 rats
  A spectral hobgoblin (D:1)
106 creatures vanquished.

Vanquished Creatures (others)
  4 plants (D:4)
4 creatures vanquished.

Grand Total: 110 creatures vanquished

Notes
Turn   | Place    | Note
-------+----------+-------------------------------------------
     0 | D:1      | zeram the Gargoyle Fighter began the quest for the Orb.
     0 | D:1      | Reached XP level 1. HP: 14/14 MP: 1/1
   384 | D:1      | Found a faded altar of an unknown god.
   392 | D:1      | Reached XP level 2. HP: 16/19 MP: 2/2
  1228 | D:2      | Found a radiant altar of Vehumet.
  1433 | D:2      | Identified the +0 leather armour "Xotziyw" {rN+ Str+4 Dex-4
                  | Stlth+}
  1611 | D:2      | Reached XP level 3. HP: 23/23 MP: 3/3
  2739 | D:3      | Reached XP level 4. HP: 21/29 MP: 4/4
  3580 | D:4      | Reached skill level 4 in Armour
  3612 | D:4      | Reached skill level 1 in Dodging
  3639 | D:4      | Reached XP level 5. HP: 33/33 MP: 5/5
  4245 | D:4      | Identified a scroll of acquirement
  4245 | D:4      | Acquired a manual of Armour
  4528 | D:4      | Reached XP level 6. HP: 25/38 MP: 3/6
  4584 | D:4      | Reached skill level 5 in Armour
  4888 | D:4      | Slain by an orc

Illustrated notes

Levels and vault maps discovered:
D:1:      lightli_arrival_windingriver, layout_loops_ring,
          dreamdust_ecumenical_altar_drowned_temple
D:2:      minmay_wonky_spiral, layout_loops_ring, basic_altar,
          kennysheep_cluttered_room
D:3:      layout_basic, chequers_serial_rivers_room_a
D:4:      lemuel_castle_with_subvaults [lemuel_castle_interior_carwin_1],
          layout_basic

Skill      XL: |  1  2  3  4  5  6 |
---------------+-------------------+-----
Maces & Flails | 3 4 |  4.1
Armour         | 4 5 |  5.2
Dodging        | 1 |  1.6
Shields        | 4 |  4.3
Fighting       | 4 |  4.1

Action                   |  1- 3 |  4- 6 || total
-------------------------+-------+-------++-------
Melee: Flail             |   205 |   181 ||   386
       Whip              |       |   134 ||   134
  Use: Scroll            |     6 |     4 ||    10
       Potion            |       |     3 ||     3
Armor: Scale mail        |   125 |   201 ||   326
Dodge: Dodged            |    90 |   164 ||   254
Block: Buckler           |    49 |   116 ||   165
